 Dungeon Crawl Stone Soup version 0.18-a0-1799-g6250cb2 (webtiles) character file.

146 graki42 the Sneak (level 5, -14/35 HPs)
             Began as a Halfling Assassin on Apr 24, 2016.
             Demolished by Crazy Yiuf
             ... wielding a +2 quarterstaff of chaos
              (15 damage)
             ... on level 2 of the Dungeon.
             The game lasted 00:07:15 (2478 turns).

graki42 the Sneak (Halfling Assassin)               Turns: 2478, Time: 00:07:16

Health: -14/35     AC:  3    Str: 11    XL:     5   Next: 53%
Magic:  5/5        EV: 15    Int: 10    God:
Gold:   56         SH:  0    Dex: 17    Spells: 0 memorised, 4 levels left

rFire  . . .     SeeInvis .     b - +0 blowgun
rCold  . . .     Gourm    .     q - +0 robe (curse)
rNeg   . . .     Faith    .     (shield restricted)
rPois  .         Spirit   .     (no helmet)
rElec  .         Dismiss  .     d - +0 cloak
rCorr  +         Reflect  .     (no gloves)
SustAt .         Harm     .     (no boots)
MR     .....                    (no amulet)
Stlth  ++++......               (no ring)
                                s - ring of resist corrosion

@: exhausted, slowed, drained, very slow, not resistant to hostile enchantments,
stealthy
A: mutation resistance 1
a: no special abilities


You were on level 2 of the Dungeon.
You were very hungry.

You visited 1 branch of the dungeon, and saw 2 of its levels.

You collected 56 gold pieces.

Inventory:

Hand Weapons
 a - a +2 dagger
 b - a +0 blowgun (weapon)
Missiles
 e - 3 poisoned needles (quivered)
Armour
 d - a +0 cloak (worn)
 q - a cursed +0 robe (worn)
Jewellery
 s - a ring of resist corrosion (left hand)
Scrolls
 h - 2 scrolls of noise {unknown}
 i - a scroll of teleportation {unknown}
 k - 2 scrolls of identify {unknown}
 m - a scroll of immolation {unknown}
 o - a scroll of blinking {unknown}
Potions
 j - a potion of agility
 r - a potion of haste
Comestibles
 c - 2 meat rations
 g - 2 bread rations


   Skills:
 + Level 2.4(2.2) Fighting
 + Level 3.4(3.2) Short Blades
 + Level 2.8(2.5) Throwing
 + Level 2.5(2.3) Dodging
 + Level 5.8(5.5) Stealth


You had 4 spell levels left.
You didn't know any spells.

Dungeon Overview and Level Annotations

Branches:
Dungeon (2/15)

Altars:
Fedhas
Kikubaaqudgha

Annotations:
D:2 Crazy Yiuf


Innate Abilities, Weirdness & Mutations

You are small and have problems with some larger weapons.
You are somewhat resistant to further mutation.


Message History

You shoot a poisoned needle. The poisoned needle hits Crazy Yiuf.
Crazy Yiuf looks even sicker.
Crazy Yiuf is moderately wounded.
Crazy Yiuf hits you with a quarterstaff of chaos!
You blink.
Crazy Yiuf hits you with a quarterstaff of chaos.
You feel drained.
Firing (i - inventory):
e - 4 poisoned needles (quivered)
Press: ? - help, Shift-Dir - straight line, f/p - Crazy Yiuf
Aim: Crazy Yiuf, wielding a quarterstaff of chaos and wearing a runed cloak (heavily wounded, poisoned)
You shoot a poisoned needle. The poisoned needle hits Crazy Yiuf.
Crazy Yiuf looks even sicker.
Crazy Yiuf is heavily wounded.
Crazy Yiuf hits you with a quarterstaff of chaos!
* * * LOW HITPOINT WARNING * * *
You see here a poisoned needle.
Drink which item? (? for menu, Esc to quit)
It was a potion of cure mutation.
It has a very clean taste.
Crazy Yiuf hits you with a quarterstaff of chaos!
You die...

##♣♣♣♣♣
###...♣(♣♣♣ ####
##..(...♣..♣#...#
#....♣.♣♣♣♣..(..#
#.(#..♣♣ ♣♣#..)#
#(###♣♣ #### #.#
#.# #@####### ###
#.g(....#####.####
#######.÷.........
#######.#### #.#
#.# #.#### #.....
######


You could see Crazy Yiuf.

Vanquished Creatures
  Jessica (D:2)
  Ijyb (D:2)
  4 adders (D:2)
  A worm (D:2)
  3 giant geckos
  4 bats (D:1)
  3 giant cockroaches
  6 goblins
  4 hobgoblins
  7 jackals
  8 kobolds
  2 quokkas (D:2)
  A ball python (D:2)
  A giant newt (D:2)
  3 rats
49 creatures vanquished.

Notes
Turn   | Place    | Note
--------------------------------------------------------------
     0 | D:1      | graki42 the Halfling Assassin began the quest for the Orb.
     0 | D:1      | Reached XP level 1. HP: 14/14 MP: 1/1
   200 | D:1      | Reached XP level 2. HP: 5/19 MP: 2/2
   553 | D:1      | Reached skill level 5 in Stealth
   783 | D:1      | Reached XP level 3. HP: 22/24 MP: 3/3
  1181 | D:2      | Noticed Ijyb
  1251 | D:2      | Killed Ijyb
  1251 | D:2      | Reached XP level 4. HP: 25/29 MP: 4/4
  1354 | D:2      | Noticed Jessica
  1575 | D:2      | Killed Jessica
  1575 | D:2      | Reached XP level 5. HP: 30/35 MP: 5/5
  1629 | D:2      | Found an ancient bone altar of Kikubaaqudgha.
  1632 | D:2      | Found a blossoming altar of Fedhas.
  1973 | D:2      | Noticed Crazy Yiuf
  2476 | D:2      | HP: 1/35 [Crazy Yiuf/quarterstaff of chaos (12)]
  2478 | D:2      | Demolished by Crazy Yiuf

Vault maps used:
D:1:      matt_arrival_refuge
D:2:      lemuel_upstairs_altar, grunt_temple_overflow_growth_and_decay,
          yredelemnul_forgotten_temple_becter, uniq_crazy_yiuf_cottage,
          uniq_jessica, uniq_iyjb

Skill      XL: |  1  2  3  4 |
---------------+-------------+-----
Fighting       | 2 |  2.4
Stealth        | 5 |  5.8
Short Blades   | 3 |  3.4
Dodging        | 2 |  2.5
Throwing       | |  2.8

Action                   |  1- 3 |  4- 6 || total
-------------------------+-------+-------++-------
Melee: Dagger            |    93 |    72 ||   165
 Fire: Blowgun           |    15 |    20 ||    35
  Use: Potion            |       |     3 ||     3
 Stab: Sleeping          |     6 |     5 ||    11
  Eat: Chunk             |       |     3 ||     3
       Beef jerky        |       |     1 ||     1
Armor: Robe              |    14 |     8 ||    22
Dodge: Dodged            |    58 |    51 ||   109
